Map: [TLMC15] Curious Minds

Players

MaxPax

  • Race: Protoss Protoss

Dark - Winner!

  • Race: Zerg Zerg

Event: DreamHack SC2 Masters Last Chance 2022

VOD

Have the link to the VOD?

Description

Time

  • Played on: Jan. 13, 2022, 12:03 p.m.
  • Length: 9:35

All games in this series

Show
View Real Time Build Order
Export as new Build Order

MaxPax Protoss 

Build Orders: 1 Gate Expand 

Get SALT Encoding   

  12  0:00  Probe  
  13  0:12  Probe  
  14  0:19  Pylon  
  14  0:24  Probe  
  15  0:37  Probe (Chrono Boost)  
  15  0:41  Gateway  
  16  0:47  Probe (Chrono Boost)  
  16  0:49  Assimilator  
  17  0:52  Probe (Chrono Boost)  
  18  1:04  Probe  
  19  1:16  Probe  
  20  1:30  Cybernetics Core  
  20  1:39  Nexus, Probe  
  21  1:45  Assimilator  
  21  1:51  Probe  
  21  1:53  Pylon  
  22  2:03  Probe  
  22  2:07  Warp Gate  
  23  2:08  Adept (Chrono Boost)  
  23  2:15  Probe  
  26  2:24  Twilight Council  
  26  2:27  Probe  
  27  2:30  Stalker (Chrono Boost)  
  29  2:39  Probe  
  30  2:51  Probe  
  30  2:54  Robotics Facility  
  31  2:59  Probe  
  31  3:03  Probe  
  33  3:10  Resonating Glaives (Chrono Boost)  
  33  3:11  Gateway, Probe  
  34  3:15  Probe  
  35  3:23  Probe  
  36  3:27  Gateway  
  36  3:28  Probe  
  36  3:31  Gateway  
  37  3:35  Adept  
  39  3:42  Warp Prism (Chrono Boost)  
  41  3:49  Pylon  
  41  3:51  Probe  
  41  3:53  Probe  
  43  4:03  Probe  
  43  4:08  Adept  
  43  4:09  Probe  
  47  4:10  Pylon  
  47  4:11  Assimilator  
  47  4:13  Adept  
  49  4:19  Shield Battery  
  49  4:20  Probe  
  50  4:25  Robotics Bay  
  50  4:32  Adept x3  
  50  4:36  Probe  
  50  4:37  Probe  
  58  4:40  Adept  
  58  4:43  Pylon  
  58  4:45  Observer  
  61  4:50  Probe  
  62  5:01  Probe  
  62  5:02  Adept  
  62  5:03  Adept x2, Pylon  
  69  5:11  Assimilator  
  69  5:13  Probe  
  70  5:18  Disruptor (Chrono Boost)  
  70  5:23  Pylon  
  71  5:42  Probe, Gravitic Drive  
  66  5:45  Probe  
  66  5:46  Adept x4  
  71  5:52  Disruptor (Chrono Boost)  
  70  5:59  Nexus  
  70  6:00  Pylon  
  71  6:04  Probe  
  71  6:05  Probe  
  72  6:14  Adept x4  
  72  6:16  Probe  
  72  6:18  Probe  
  82  6:28  Probe  
  82  6:30  Probe  
  82  6:32  Forge  
  84  6:33  Shield Battery  
  84  6:36  Adept x2  
  84  6:38  Adept  
  90  6:40  Probe  
  90  6:41  Adept  
  90  6:45  Probe  
  81  7:09  Adept x4  
  87  7:17  Nexus  
  87  7:18  Pylon  
  87  7:26  Pylon  
  87  7:36  Probe  
  84  7:46  Adept  
  84  7:47  Adept x3  
  84  7:50  Probe x2  
  82  8:01  Disruptor (Chrono Boost)  
  82  8:02  Probe x2  
  82  8:05  Shield Battery  
  85  8:07  Adept x3  
  85  8:08  Adept  
  93  8:14  Probe x2  
  91  8:27  Photon Cannon  
  91  8:29  Stalker  
  91  8:30  Stalker x2  
  91  8:31  Stalker  
  90  8:53  Stalker x3  
  92  8:56  Pylon  
  92  8:58  Stalker  
  94  9:05  Photon Cannon  
  94  9:12  Observer  
  93  9:19  Stalker x3  
  93  9:21  Stalker  
Show
View Real Time Build Order
Export as new Build Order

Dark Zerg - Winner!

Build Orders: Hatch First 

Get SALT Encoding   

  12  0:00  Drone  
  13  0:11  Overlord  
  13  0:16  Drone  
  14  0:30  Drone x2  
  16  0:36  Drone  
  17  0:55  Hatchery  
  16  0:57  Drone  
  16  1:00  Drone  
  18  1:11  Extractor  
  17  1:14  Spawning Pool  
  17  1:16  Drone  
  17  1:18  Drone  
  18  1:28  Drone  
  19  1:39  Drone  
  20  1:49  Hatchery  
  20  1:50  Drone  
  21  2:01  Zergling x2  
  21  2:06  Queen  
  23  2:11  Metabolic Boost  
  23  2:13  Drone  
  24  2:16  Drone  
  24  2:21  Overlord  
  25  2:26  Drone  
  25  2:29  Drone  
  27  2:33  Zergling x2  
  28  2:41  Zergling x2, Queen  
  31  2:44  Zergling x2  
  31  2:50  Queen  
  34  3:02  Drone x2  
  34  3:03  Drone x2  
  37  3:08  Queen  
  37  3:10  Drone  
  40  3:18  Drone x2, Overlord  
  42  3:24  Roach Warren  
  41  3:27  Drone  
  41  3:32  Overlord  
  42  3:36  Drone x3  
  42  3:40  Drone  
  46  3:42  Extractor  
  46  3:47  Drone x3  
  48  3:52  Drone  
  48  3:53  Drone x2  
  48  3:55  Drone x2  
  53  4:00  Overlord  
  53  4:09  Roach x2  
  57  4:11  Spore Crawler  
  57  4:12  Roach  
  57  4:16  Spore Crawler, Overlord  
  57  4:19  Zergling x6  
  57  4:20  Zergling x2  
  61  4:24  Overlord  
  61  4:30  Ravager x2  
  63  4:32  Ravager  
  63  4:33  Zergling x4  
  63  4:36  Zergling x10  
  71  4:41  Zergling x4  
  71  4:42  Zergling x2  
  71  4:44  Zergling x2  
  75  4:52  Zergling x4  
  77  4:57  Zergling x2  
  77  4:58  Zergling x2  
  79  5:02  Lair  
  79  5:05  Evolution Chamber  
  79  5:06  Zergling x6  
  81  5:10  Overlord  
  81  5:14  Overlord  
  80  5:30  Drone x2  
  80  5:31  Drone  
  80  5:34  Drone x2  
  80  5:35  Drone  
  85  5:40  Drone x2  
  85  5:42  Drone x3  
  83  5:45  Drone  
  78  5:51  Zerg Missile Weapons Level 1  
  78  5:54  Drone x3  
  78  5:55  Drone  
  83  5:57  Drone x3  
  83  6:00  Extractor x2  
  83  6:06  Spire  
  83  6:07  Drone x2  
  84  6:11  Overseer  
  84  6:14  Drone x3  
  87  6:24  Overlord  
  87  6:27  Overlord  
  87  6:29  Glial Reconstitution  
  87  6:31  Extractor x2  
  87  6:32  Roach  
  87  6:37  Roach  
  87  6:38  Roach  
  87  6:39  Zergling x12  
  97  6:45  Roach x2  
  101  6:47  Roach x2  
  104  6:57  Roach x4  
  109  7:05  Roach x3  
  106  7:09  Roach x2  
  106  7:13  Queen x2  
  112  7:16  Overlord  
  112  7:23  Overlord x2  
  95  7:44  Mutalisk x2  
  95  7:45  Mutalisk x2  
  95  7:47  Mutalisk  
  103  7:54  Mutalisk  
  103  7:56  Zergling x12  
  103  7:57  Drone  
  109  8:08  Mutalisk  
  111  8:16  Drone x3  
  111  8:18  Hatchery  
  113  8:26  Mutalisk  
  113  8:27  Mutalisk x2  
  119  8:36  Mutalisk  
  119  8:43  Drone  
  119  8:45  Mutalisk  
  119  8:46  Zergling x12  
  128  8:56  Mutalisk  
  128  8:57  Zergling x2  
  128  9:01  Drone x5  
  136  9:09  Drone  
  137  9:10  Overlord  

Tags
 
Add a new tag
Caveats
  • Supply blocks, unpowered buildings, or Contaminate may cause inaccurate times.
  • Supply counts are checked every 10 seconds.